[Event "19th IPCA WCC 2019"]
[Site "Ruzomberok"]
[Date "2019.07.01"]
[Round "4.5"]
[White "Kozicz, Andrzej"]
[Black "Babula, Milan"]
[Result "0-1"]
[ECO "B06"]
[WhiteElo "1979"]
[BlackElo "2220"]
[Annotator "NA"]
[PlyCount "98"]
[EventDate "2019.06.28"]
[EventType "swiss"]
[EventCountry "SVK"]
[SourceTitle "playchess.com"]
[Source "ChessBase"]
[SourceQuality "1"]
[TimeControl "5400+30"]

1. e4 g6 2. d4 Bg7 3. c3 d6 4. Bd3 Nd7 5. Nd2 e5 6. Ne2 Ngf6 7. Ng3 b6 8. O-O O-O 9. Nb3 Bb7 10. Bg5 h6 11. Bd2 Re8 12. Re1 Rc8 13. Rc1 d5 14. exd5 Nxd5 15. Bb1 exd4 16. Nxd4 a6 17. Rxe8+ Qxe8 18. Nf3 Nf8 19. Qb3 Ne6 20. Re1 Qd7 21. Qc4 b5 22. Qh4 Qd8 23. Qxd8+ Rxd8 24. Bxg6 fxg6 25. Rxe6 Kf7 26. Re1 Nb6 27. Bf4 Bxf3 28. Bxc7 Rd2 29. gxf3 Nd5 30. Ne4 Rxb2 31. Nd6+ Kg8 32. Re8+ Bf8 33. Bd8 Rxa2 34. h3 Kg7 35. Ne4 Kf7 36. Re5 Ra1+ 37. Kh2 Rd1 38. Ba5 Be7 39. Kg2 g5 40. Kh2 Rd3 41. Kg3 Rd1 42. Kh2 Nf4 43. Bc7 Ng6 44. Rf5+ Ke6 45. Ng3 h5 46. c4 h4 47. Rd5 hxg3+ 48. fxg3 Rxd5 49. cxd5+ Kxd5 0-1

[Event "19th IPCA WCC 2019"]
[Site "Ruzomberok"]
[Date "2019.07.01"]
[Round "4.6"]
[White "Juvan, Jaka"]
[Black "Sovetov, Oleksandr"]
[Result "1/2-1/2"]
[ECO "B90"]
[WhiteElo "2168"]
[BlackElo "2009"]
[Annotator "NA"]
[PlyCount "114"]
[EventDate "2019.06.28"]
[EventType "swiss"]
[EventCountry "SVK"]
[SourceTitle "playchess.com"]
[Source "ChessBase"]
[SourceQuality "1"]
[TimeControl "5400+30"]

1. e4 c5 2. Nf3 d6 3. d4 cxd4 4. Nxd4 Nf6 5. Nc3 a6 6. h3 e5 7. Nb3 Be6 8. f4 Qc7 9. Qf3 Nbd7 10. Be3 Be7 11. O-O-O b5 12. Kb1 O-O 13. g4 exf4 14. Qxf4 Ne5 15. g5 Nfd7 16. Nd4 b4 17. Nd5 Bxd5 18. exd5 a5 19. h4 Nc5 20. h5 Qb6 21. Bb5 a4 22. Bc6 Ra5 23. Nf5 Ra7 24. Bxc5 Qxc5 25. Nxe7+ Rxe7 26. Bxa4 Nc4 27. Rd4 Nb6 28. Bc6 Re5 29. Rhd1 Rc8 30. Qg4 Rf8 31. g6 fxg6 32. hxg6 h5 33. Qh4 Rf6 34. Re4 Rxg6 35. Rxe5 dxe5 36. Qxh5 Rg1 37. b3 Qd4 38. Rxg1 Qxg1+ 39. Kb2 Qd4+ 40. Kc1 Nxd5 41. Qe8+ Kh7 42. Bb5 Nf6 43. Qe6 Qa1+ 44. Kd2 Ne4+ 45. Ke2 Nc3+ 46. Kf2 Nxb5 47. Qh3+ Kg6 48. Qd3+ Kf6 49. Qxb5 Qd4+ 50. Ke2 g5 51. Qc6+ Kf5 52. Qc8+ Kf4 53. Qf8+ Kg4 54. Qf3+ Kh4 55. Qh1+ Kg3 56. Qf3+ Kh2 57. Qh5+ Qh4 1/2-1/2

[Event "19th IPCA WCC 2019"]
[Site "Ruzomberok"]
[Date "2019.07.01"]
[Round "4.7"]
[White "Gedgafov, Chamal"]
[Black "Zavarsky, Juraj"]
[Result "1-0"]
[ECO "E45"]
[WhiteElo "2163"]
[BlackElo "2000"]
[Annotator "NA"]
[PlyCount "119"]
[EventDate "2019.06.28"]
[EventType "swiss"]
[EventCountry "SVK"]
[SourceTitle "playchess.com"]
[Source "ChessBase"]
[SourceQuality "1"]
[TimeControl "5400+30"]

1. d4 Nf6 2. c4 e6 3. Nc3 Bb4 4. e3 b6 5. Nge2 Ba6 6. a3 Bxc3+ 7. Nxc3 d5 8. Be2 O-O 9. cxd5 exd5 10. Bxa6 Nxa6 11. O-O c5 12. Qd3 Nc7 13. a4 Qd7 14. b3 cxd4 15. exd4 Rfe8 16. f3 h6 17. Bf4 a6 18. Be5 Re6 19. Rac1 Nfe8 20. f4 f6 21. Bxc7 Nxc7 22. f5 Re7 23. Rfe1 Rae8 24. Rxe7 Rxe7 25. Kf2 Qd6 26. g3 Qa3 27. Qc2 b5 28. Nb1 Qd6 29. Qc5 Qd7 30. g4 bxa4 31. bxa4 Ne8 32. Nc3 Nc7 33. Ne2 Kf7 34. Qb6 Ne8 35. Qc6 Qxc6 36. Rxc6 Nc7 37. Nf4 Ke8 38. Kf3 Kd8 39. Ne6+ Nxe6 40. fxe6 a5 41. Rd6+ Kc7 42. Rxd5 Rxe6 43. Rxa5 Kb6 44. Rb5+ Kc7 45. Kf4 Ra6 46. a5 g6 47. h4 Kc6 48. Rc5+ Kd6 49. h5 gxh5 50. Rxh5 Ke6 51. Rb5 Ra7 52. d5+ Kd6 53. Ke4 Re7+ 54. Kd4 Rg7 55. Rb6+ Kc7 56. d6+ Kc8 57. a6 Rxg4+ 58. Kd5 Ra4 59. Kc6 Rc4+ 60. Kb5 1-0

[Event "19th IPCA WCC 2019"]
[Site "Ruzomberok"]
[Date "2019.07.01"]
[Round "4.8"]
[White "Jennitha, Anto K."]
[Black "Tersinsev, Andrey"]
[Result "0-1"]
[ECO "B32"]
[WhiteElo "1972"]
[BlackElo "2164"]
[Annotator "NA"]
[PlyCount "62"]
[EventDate "2019.06.28"]
[EventType "swiss"]
[EventCountry "SVK"]
[SourceTitle "playchess.com"]
[Source "ChessBase"]
[SourceQuality "1"]
[TimeControl "5400+30"]

1. e4 c5 2. Nf3 Nc6 3. d4 cxd4 4. Nxd4 Qb6 5. Nb3 Nf6 6. Nc3 e6 7. Be3 Qc7 8. Bd3 Be7 9. f4 d6 10. Qf3 O-O 11. g4 a6 12. O-O-O Nb4 13. Kb1 b5 14. Rhg1 Bb7 15. Qh3 Rfc8 16. Rc1 Nd7 17. g5 Nc5 18. Nxc5 dxc5 19. Rg4 Nxd3 20. cxd3 Qd8 21. Bf2 c4 22. dxc4 b4 23. Rd1 Bxe4+ 24. Ka1 bxc3 25. Rxd8+ Rxd8 26. Rg1 cxb2+ 27. Kxb2 Rab8+ 28. Ka1 Rd3 29. Qg4 Ba3 30. Rb1 Rxb1+ 31. Kxb1 Rd1# 0-1

[Event "19th IPCA WCC 2019"]
[Site "Ruzomberok"]
[Date "2019.07.01"]
[Round "4.9"]
[White "Obodchuk, Andrei"]
[Black "Matana, Zoran"]
[Result "1-0"]
[ECO "D30"]
[WhiteElo "2316"]
[BlackElo "1818"]
[Annotator "NA"]
[PlyCount "59"]
[EventDate "2019.06.28"]
[EventType "swiss"]
[EventCountry "SVK"]
[SourceTitle "playchess.com"]
[Source "ChessBase"]
[SourceQuality "1"]
[TimeControl "5400+30"]

1. d4 d5 2. c4 e6 3. Nf3 Nf6 4. g3 Ne4 5. Bg2 Nc6 6. O-O Be7 7. Nc3 Nxc3 8. bxc3 O-O 9. Nd2 f5 10. cxd5 exd5 11. Qb3 Kh8 12. Qxd5 Qxd5 13. Bxd5 Bd6 14. Nc4 Ne7 15. Bf3 a5 16. Rb1 Ra7 17. Nxd6 cxd6 18. Rb6 Ra6 19. Rxa6 bxa6 20. Bf4 Rd8 21. Bg5 Re8 22. Rb1 h6 23. Bf4 Rd8 24. Rb8 g5 25. Bd2 d5 26. Rb6 Kg7 27. h4 gxh4 28. Bxh6+ Kh7 29. Bg5 Rd7 30. gxh4 1-0

[Event "19th IPCA WCC 2019"]
[Site "Ruzomberok"]
[Date "2019.07.01"]
[Round "4.10"]
[White "Kovacevic, Krsto"]
[Black "Alekseev, Mikhail"]
[Result "1/2-1/2"]
[ECO "B12"]
[WhiteElo "2049"]
[BlackElo "1869"]
[Annotator "NA"]
[PlyCount "42"]
[EventDate "2019.06.28"]
[EventType "swiss"]
[EventCountry "SVK"]
[SourceTitle "playchess.com"]
[Source "ChessBase"]
[SourceQuality "1"]
[TimeControl "5400+30"]

1. e4 c6 2. d4 d5 3. e5 c5 4. dxc5 Nc6 5. Nf3 Bg4 6. c3 e6 7. b4 Bxf3 8. Qxf3 Nxe5 9. Bb5+ Nc6 10. O-O Nf6 11. Bf4 Be7 12. Nd2 O-O 13. Rfe1 Rc8 14. Rad1 a6 15. Bf1 Nd7 16. Nb3 Bg5 17. Bd6 Be7 18. Bg3 Bh4 19. Bd6 Be7 20. Bg3 Bh4 21. Bd6 Be7 1/2-1/2

[Event "19th IPCA WCC 2019"]
[Site "Ruzomberok"]
[Date "2019.07.01"]
[Round "4.11"]
[White "Wielecki, Zygmunt"]
[Black "Tsapalin, Sergey"]
[Result "0-1"]
[ECO "A46"]
[WhiteElo "2145"]
[BlackElo "1935"]
[Annotator "NA"]
[PlyCount "38"]
[EventDate "2019.06.28"]
[EventType "swiss"]
[EventCountry "SVK"]
[SourceTitle "playchess.com"]
[Source "ChessBase"]
[SourceQuality "1"]
[TimeControl "5400+30"]

1. d4 Nf6 2. Nf3 e6 3. Bg5 h6 4. Bxf6 Qxf6 5. e4 d5 6. e5 Qd8 7. Bd3 c5 8. c3 Nc6 9. O-O Qb6 10. b3 cxd4 11. cxd4 Bd7 12. Be2 Bb4 13. a3 Be7 14. b4 O-O 15. Nc3 Qd8 16. Ne1 Rc8 17. Rc1 f6 18. f4 fxe5 19. fxe5 Bg5 0-1

[Event "19th IPCA WCC 2019"]
[Site "Ruzomberok"]
[Date "2019.07.01"]
[Round "4.12"]
[White "Tebenkov, Vladislav"]
[Black "Kaydanovich, Marina"]
[Result "1-0"]
[ECO "C67"]
[WhiteElo "2096"]
[BlackElo "1760"]
[Annotator "NA"]
[PlyCount "51"]
[EventDate "2019.06.28"]
[EventType "swiss"]
[EventCountry "SVK"]
[SourceTitle "playchess.com"]
[Source "ChessBase"]
[SourceQuality "1"]
[TimeControl "5400+30"]

1. e4 e5 2. Nf3 Nc6 3. Bb5 Nf6 4. O-O Nxe4 5. d4 Nd6 6. dxe5 Nxb5 7. a4 Nbd4 8. Nxd4 Nxd4 9. Qxd4 Be7 10. Nc3 O-O 11. Nd5 b6 12. Bf4 Bb7 13. Nxe7+ Qxe7 14. Ra3 c5 15. Qd2 Bc6 16. Rg3 Kh8 17. Re1 Qe6 18. b3 Rae8 19. Kf1 Qd5 20. Qe2 Re6 21. Rd1 Qe4 22. Qxe4 Bxe4 23. Rxd7 Bxc2 24. Rxa7 Kg8 25. Rc3 Bg6 26. a5 1-0

[Event "19th IPCA WCC 2019"]
[Site "Ruzomberok"]
[Date "2019.07.01"]
[Round "4.13"]
[White "Samarth J Rao"]
[Black "Lipilin, Ilia"]
[Result "0-1"]
[ECO "B26"]
[WhiteElo "1593"]
[BlackElo "2084"]
[Annotator "NA"]
[PlyCount "116"]
[EventDate "2019.06.28"]
[EventType "swiss"]
[EventCountry "SVK"]
[SourceTitle "playchess.com"]
[Source "ChessBase"]
[SourceQuality "1"]
[TimeControl "5400+30"]

1. e4 c5 2. Nc3 Nc6 3. g3 g6 4. Bg2 Bg7 5. d3 d6 6. Be3 e5 7. Qd2 a6 8. Nge2 Be6 9. Nd5 Nge7 10. Bh6 O-O 11. h4 Bxd5 12. exd5 Bxh6 13. Qxh6 Nf5 14. Qd2 Ncd4 15. Nc3 Ng7 16. g4 f5 17. h5 f4 18. Be4 g5 19. h6 Ne8 20. Rh5 Kh8 21. O-O-O Nf6 22. Rhh1 b5 23. Bf5 b4 24. Ne4 Nxd5 25. c4 bxc3 26. bxc3 Nf3 27. Qe2 Nh4 28. d4 Qa5 29. dxe5 Nxc3 30. Nxc3 Qxc3+ 31. Bc2 Qa1+ 32. Kd2 Qxe5 33. Qxe5+ dxe5 34. Kc3 Rfd8 35. Kc4 Rd4+ 36. Rxd4 cxd4 37. Kd5 Rd8+ 38. Kxe5 d3 39. Rd1 Re8+ 40. Kf6 dxc2 41. Rc1 Rc8 42. Kxg5 Ng2 43. Kf5 Ne1 44. Ke4 Kg8 45. Rxe1 Re8+ 46. Kd3 Rxe1 47. Kxc2 Re2+ 48. Kd3 Rxf2 49. a4 a5 50. Ke4 Kf7 51. Kf5 f3 52. Kf4 Kg6 53. g5 Rf1 54. Kg4 f2 55. Kf3 Kxg5 56. Kg2 Ra1 57. Kxf2 Ra3 58. Ke2 Kf4 0-1

[Event "19th IPCA WCC 2019"]
[Site "Ruzomberok"]
[Date "2019.07.01"]
[Round "4.14"]
[White "Gerasimova, Svetlana"]
[Black "Felegyi, Karoly"]
[Result "1-0"]
[ECO "C55"]
[WhiteElo "1913"]
[BlackElo "1674"]
[Annotator "NA"]
[PlyCount "93"]
[EventDate "2019.06.28"]
[EventType "swiss"]
[EventCountry "SVK"]
[SourceTitle "playchess.com"]
[Source "ChessBase"]
[SourceQuality "1"]
[TimeControl "5400+30"]

1. e4 e5 2. Nf3 Nc6 3. Bc4 Nf6 4. d3 h6 5. c3 d6 6. a4 Na5 7. Ba2 Be6 8. Bxe6 fxe6 9. Nh4 Qd7 10. b4 Nc6 11. Ng6 Rg8 12. a5 a6 13. O-O Qf7 14. Nxf8 Rxf8 15. Be3 g5 16. Nd2 Qh5 17. Qxh5+ Nxh5 18. g3 Nf6 19. f3 d5 20. Bc5 Rf7 21. Rfb1 Nd7 22. Bf2 Nf6 23. Kg2 g4 24. fxg4 Nxg4 25. Bg1 O-O-O 26. h3 Nf6 27. Be3 h5 28. b5 Nb8 29. b6 c6 30. Rf1 Rdf8 31. Bh6 Rg8 32. Rf3 Rg6 33. Be3 Nbd7 34. Raf1 Rfg7 35. Kf2 Rg8 36. Rg1 h4 37. g4 Nh5 38. Nf1 dxe4 39. dxe4 Ndf6 40. gxh5 Nxe4+ 41. Ke2 Rg2+ 42. Kd3 Rxg1 43. Bxg1 Nd6 44. Nd2 Rxg1 45. Rf8+ Kd7 46. h6 Rg3+ 47. Kc2 1-0

[Event "19th IPCA WCC 2019"]
[Site "Ruzomberok"]
[Date "2019.07.01"]
[Round "4.15"]
[White "Roehrig, Uwe"]
[Black "Konkolova, Nikola"]
[Result "1-0"]
[ECO "A20"]
[WhiteElo "1802"]
[BlackElo "1518"]
[Annotator "NA"]
[PlyCount "65"]
[EventDate "2019.06.28"]
[EventType "swiss"]
[EventCountry "SVK"]
[SourceTitle "playchess.com"]
[Source "ChessBase"]
[SourceQuality "1"]
[TimeControl "5400+30"]

1. c4 e5 2. g3 c6 3. Bg2 d5 4. Nf3 e4 5. Nd4 Bc5 6. e3 Bxd4 7. exd4 Qf6 8. Qc2 Qxd4 9. cxd5 Qxd5 10. Bxe4 Qe5 11. O-O Ne7 12. Re1 Qf6 13. Nc3 Be6 14. Nb5 Na6 15. Nd6+ Kd7 16. Nxb7 Kc7 17. Na5 Nb4 18. Qc3 Nxa2 19. Qa3 Nxc1 20. Raxc1 Bd7 21. Bg2 Rhe8 22. Nc4 Nc8 23. Qa5+ Kb7 24. Ne5 Nb6 25. Nxd7 Rxe1+ 26. Rxe1 Nxd7 27. Qb4+ Kc7 28. Re7 Rb8 29. Rxd7+ Kc8 30. Qd4 Qxd4 31. Rxd4 Rxb2 32. Bxc6 Kc7 33. Be8 1-0

[Event "19th IPCA WCC 2019"]
[Site "Ruzomberok"]
[Date "2019.07.01"]
[Round "4.16"]
[White "Belak, Stefan"]
[Black "Glazar, Domagoj"]
[Result "0-1"]
[ECO "A45"]
[WhiteElo "1851"]
[BlackElo "2153"]
[Annotator "NA"]
[PlyCount "80"]
[EventDate "2019.06.28"]
[EventType "swiss"]
[EventCountry "SVK"]
[SourceTitle "playchess.com"]
[Source "ChessBase"]
[SourceQuality "1"]
[TimeControl "5400+30"]

1. d4 Nf6 2. Bf4 c5 3. e3 g6 4. Nd2 Bg7 5. c3 O-O 6. Be2 d6 7. Ngf3 b6 8. O-O Bb7 9. h3 Nbd7 10. Qb3 Rc8 11. Rad1 Qc7 12. Bh2 Qb8 13. Qa4 Bc6 14. Bb5 Qb7 15. Bxc6 Rxc6 16. Qb3 b5 17. d5 Rcc8 18. e4 a5 19. Rfe1 c4 20. Qc2 Nc5 21. Nd4 Nfd7 22. Nc6 Rfe8 23. a3 Nd3 24. Re3 Qb6 25. Rxd3 cxd3 26. Qxd3 Nb8 27. Nd4 b4 28. axb4 axb4 29. Nc4 Qc5 30. b3 bxc3 31. Bf4 Bxd4 32. Qxd4 Qxd4 33. Rxd4 Nd7 34. Na5 c2 35. Nc6 e5 36. dxe6 Rxc6 37. exd7 c1=Q+ 38. Bxc1 Rxc1+ 39. Kh2 Rd8 40. Rxd6 Rc7 0-1

[Event "19th IPCA WCC 2019"]
[Site "Ruzomberok"]
[Date "2019.07.01"]
[Round "4.17"]
[White "Korber, Antonin"]
[Black "Pamarthi Audietya Aazadh"]
[Result "0-1"]
[ECO "D00"]
[WhiteElo "1759"]
[BlackElo "1346"]
[Annotator "NA"]
[PlyCount "62"]
[EventDate "2019.06.28"]
[EventType "swiss"]
[EventCountry "SVK"]
[SourceTitle "playchess.com"]
[Source "ChessBase"]
[SourceQuality "1"]
[TimeControl "5400+30"]

1. d4 d5 2. f4 Nf6 3. Nf3 Bf5 4. e3 e6 5. Nbd2 Be7 6. Be2 Nbd7 7. O-O h6 8. Ne5 O-O 9. Ndf3 Ne4 10. c3 c5 11. Bd3 c4 12. Bc2 Nb6 13. Nd2 f6 14. Nef3 Rc8 15. g3 Bh3 16. Re1 f5 17. Ne5 Qe8 18. Ndf3 a6 19. Qe2 Nd7 20. Nxd7 Qxd7 21. Kh1 Qe8 22. Bxe4 dxe4 23. Ne5 b5 24. a4 Bf6 25. axb5 Bxe5 26. dxe5 Bg4 27. Qf1 Qxb5 28. h3 Bf3+ 29. Kh2 Rfd8 30. b4 Rd3 31. Ra5 Qb6 0-1

[Event "19th IPCA WCC 2019"]
[Site "Ruzomberok"]
[Date "2019.07.01"]
[Round "4.18"]
[White "Sovietova, Kateryna"]
[Black "Frumin, Rebeka"]
[Result "1-0"]
[ECO "D02"]
[WhiteElo "1279"]
[BlackElo "1398"]
[Annotator "NA"]
[PlyCount "91"]
[EventDate "2019.06.28"]
[EventType "swiss"]
[EventCountry "SVK"]
[SourceTitle "playchess.com"]
[Source "ChessBase"]
[SourceQuality "1"]
[TimeControl "5400+30"]

1. d4 Nf6 2. Bf4 d5 3. Nf3 Nc6 4. h3 g6 5. e3 a6 6. c3 Ne4 7. Bd3 f5 8. O-O Bd7 9. Qb3 e6 10. Rd1 Na5 11. Qc2 g5 12. Be5 Rg8 13. Bh2 g4 14. hxg4 fxg4 15. Bxe4 dxe4 16. Ne5 Bd6 17. Nd2 Qg5 18. Nxe4 Qh6 19. Nxd6+ cxd6 20. Nxd7 Kxd7 21. Qa4+ Nc6 22. Qa3 Qf8 23. d5 exd5 24. Rxd5 Rg6 25. Rad1 Ke8 26. Rxd6 Rxd6 27. Rxd6 Qf5 28. Bf4 Rd8 29. Rxd8+ Nxd8 30. c4 Qb1+ 31. Kh2 Qc2 32. Bg5 Nc6 33. Qc5 Qxf2 34. b3 Qxa2 35. Qb6 Qa5 36. Qxb7 Qe5+ 37. Bf4 Qf6 38. Qxh7 Nb4 39. Qh5+ Kf8 40. Qc5+ Kg8 41. Qxb4 Qh8+ 42. Kg3 Qa1 43. Qb8+ Kf7 44. Qc7+ Ke8 45. Qe5+ Qxe5 46. Bxe5 1-0

[Event "19th IPCA WCC 2019"]
[Site "Ruzomberok"]
[Date "2019.07.01"]
[Round "4.20"]
[White "Pilimon, Zbigniew"]
[Black "Wollner, Bohus"]
[Result "1-0"]
[ECO "D06"]
[WhiteElo "1670"]
[BlackElo "1222"]
[Annotator "NA"]
[PlyCount "41"]
[EventDate "2019.06.28"]
[EventType "swiss"]
[EventCountry "SVK"]
[SourceTitle "playchess.com"]
[Source "ChessBase"]
[SourceQuality "1"]
[TimeControl "5400+30"]

1. d4 d5 2. c4 Nf6 3. cxd5 Nxd5 4. e4 Nb6 5. Bb5+ Bd7 6. Be2 e6 7. Nf3 Bb4+ 8. Nc3 Nc6 9. O-O Be7 10. Bf4 h6 11. Rc1 Bd6 12. Bxd6 cxd6 13. Nb5 Nc8 14. d5 N6e7 15. Nc7+ Kf8 16. Nxa8 e5 17. Nc7 Kg8 18. Nb5 Kh7 19. Qc2 a6 20. Nxd6 Nxd6 21. Nxe5 1-0

[Event "19th IPCA WCC 2019"]
[Site "Ruzomberok"]
[Date "2019.07.01"]
[Round "4.21"]
[White "Engel, Katalin"]
[Black "Zicho, Anton"]
[Result "0-1"]
[ECO "D10"]
[WhiteElo "1537"]
[BlackElo "1662"]
[Annotator "NA"]
[PlyCount "160"]
[EventDate "2019.06.28"]
[EventType "swiss"]
[EventCountry "SVK"]
[SourceTitle "playchess.com"]
[Source "ChessBase"]
[SourceQuality "1"]
[TimeControl "5400+30"]

1. d4 d5 2. c4 c6 3. Nc3 Nf6 4. b3 Bg4 5. Nf3 e6 6. Bg5 Be7 7. h3 Bh5 8. g4 Bg6 9. Bg2 Ne4 10. Bxe7 Qxe7 11. Nxe4 Bxe4 12. O-O Nd7 13. Qd2 O-O 14. Ng5 Bxg2 15. Kxg2 h6 16. Nf3 Rfe8 17. Rae1 Nf6 18. c5 Ne4 19. Qd3 f5 20. Ne5 Qh4 21. Qe3 Kh7 22. Rh1 Rf8 23. Ref1 f4 24. Qd3 g6 25. Nf3 Qf6 26. h4 Kg7 27. Ne5 Rad8 28. Rfg1 a6 29. h5 g5 30. Rh3 Rg8 31. Rf3 Nxc5 32. Qg6+ Qxg6 33. Nxg6 Ne4 34. Rd3 Rd7 35. b4 Rf7 36. f3 Nd6 37. Ne5 Re7 38. Rc1 Nf7 39. Ng6 Rd7 40. e3 fxe3 41. Rxe3 Re8 42. Kg3 Kf6 43. f4 gxf4+ 44. Nxf4 e5 45. Ng6 e4 46. Rf1+ Kg7 47. Rf5 Ng5 48. a4 Nf3 49. Rf4 Nxd4 50. Nh4 Rf8 51. Rxf8 Kxf8 52. Kf4 Rf7+ 53. Ke5 Nf3+ 54. Kd6 Nxh4 55. Kc5 Ke7 56. Kb6 Kd6 57. Rg3 Nf3 58. Rg2 d4 59. b5 axb5 60. axb5 cxb5 61. Kxb5 Kd5 62. Rc2 e3 63. Rc5+ Ke4 64. Rc8 Kd3 65. Re8 Kd2 66. Kc4 d3 67. Re6 Rc7+ 68. Kb3 Rc6 69. Re8 e2 70. Kb4 e1=Q 71. Rxe1 Kxe1 72. Kb5 d2 73. g5 Re6 74. g6 Re7 75. Kb6 Nd4 76. Kc5 Nc6 77. g7 Rxg7 78. Kb6 d1=Q 79. Kc5 Qd4+ 80. Kb5 Rg5# 0-1

[Event "19th IPCA WCC 2019"]
[Site "Ruzomberok"]
[Date "2019.07.01"]
[Round "4.22"]
[White "Kostova, Erika"]
[Black "Spirka, Jan"]
[Result "0-1"]
[ECO "C00"]
[WhiteElo "1210"]
[BlackElo "1366"]
[Annotator "NA"]
[PlyCount "136"]
[EventDate "2019.06.28"]
[EventType "swiss"]
[EventCountry "SVK"]
[SourceTitle "playchess.com"]
[Source "ChessBase"]
[SourceQuality "1"]
[TimeControl "5400+30"]

1. d4 e6 2. e4 d6 3. Nf3 Nf6 4. Nc3 Be7 5. Be2 c6 6. Bf4 Nbd7 7. O-O O-O 8. Re1 h6 9. Qd3 Re8 10. Bd1 Nh7 11. e5 d5 12. Ne2 Ndf8 13. c3 Ng6 14. Bc2 Nhf8 15. Kh1 c5 16. Nfg1 c4 17. Qh3 Nxf4 18. Nxf4 Bg5 19. Nh5 Bd7 20. Nf3 Nh7 21. Bxh7+ Kxh7 22. Qg3 Rg8 23. h4 Be7 24. Rg1 Rc8 25. Qf4 Be8 26. g3 g5 27. Nf6+ Bxf6 28. Qxf6 Qd7 29. hxg5 Rg6 30. Qf4 Qe7 31. Kg2 hxg5 32. Qd2 Kg7 33. g4 Bd7 34. Rh1 Rf8 35. Rh5 f6 36. Rah1 Rg8 37. Rh7+ Kf8 38. Rxe7 Kxe7 39. exf6+ Kxf6 40. Ne5 R6g7 41. Nxd7+ Rxd7 42. f4 Rdg7 43. Rh6+ Kf7 44. fxg5 Rxg5 45. Qf4+ Ke7 46. Qf6+ Kd7 47. Qxe6+ Kc7 48. Rh7+ Kb8 49. Qd6+ Ka8 50. Qd8+ Rxd8 51. Kf3 Rdg8 52. Rh4 Re8 53. Kf4 Rgg8 54. Rh5 Rgf8+ 55. Rf5 Rh8 56. Rxd5 b6 57. b3 cxb3 58. axb3 Ref8+ 59. Rf5 Rc8 60. c4 Rh3 61. c5 Rxb3 62. g5 Rb4 63. Ke4 bxc5 64. g6 Rxd4+ 65. Ke5 Re8+ 66. Kf6 Rf8+ 67. Kg5 Rxf5+ 68. Kxf5 Rd8 0-1

[Event "19th IPCA WCC 2019"]
[Site "Ruzomberok"]
[Date "2019.07.02"]
[Round "5.1"]
[White "Yarmonov, Igor"]
[Black "Shashikant, Kutwal"]
[Result "1-0"]
[ECO "A48"]
[WhiteElo "2389"]
[BlackElo "2176"]
[Annotator "NA"]
[PlyCount "103"]
[EventDate "2019.06.28"]
[EventType "swiss"]
[EventCountry "SVK"]
[SourceTitle "playchess.com"]
[Source "ChessBase"]
[SourceQuality "1"]
[TimeControl "5400+30"]

1. d4 Nf6 2. Nf3 g6 3. Bf4 Bg7 4. c3 d6 5. h3 O-O 6. Nbd2 Nbd7 7. e4 e5 8. dxe5 dxe5 9. Be3 Qe7 10. Qc2 b6 11. g4 Bb7 12. g5 Nh5 13. O-O-O Nc5 14. h4 a5 15. Ng1 Rfd8 16. Ne2 a4 17. Ng3 Nf4 18. f3 a3 19. b3 Ncd3+ 20. Bxd3 Nxd3+ 21. Kb1 Nb2 22. Rde1 Ba6 23. Ka1 Bd3 24. Qc1 b5 25. Rh2 c5 26. Nh1 c4 27. b4 Na4 28. Nf2 Bf8 29. h5 Nxc3 30. Qxc3 Qxb4 31. Qxb4 Bxb4 32. Rc1 Be2 33. Nb1 Bxf3 34. hxg6 fxg6 35. Nc3 Bxc3+ 36. Rxc3 Be2 37. Rc2 Bf1 38. Rh1 Bd3 39. Rd2 Rf8 40. Nxd3 cxd3 41. Rxd3 Ra4 42. Bc5 Rc8 43. Bxa3 Rxe4 44. Rd7 b4 45. Bb2 Rc2 46. Kb1 Rc5 47. Rdxh7 Rg4 48. Bc1 Rg2 49. Rb7 Rc4 50. Rd1 Rf2 51. Rd8+ Rf8 52. Rxf8+ 1-0

[Event "19th IPCA WCC 2019"]
[Site "Ruzomberok"]
[Date "2019.07.02"]
[Round "5.3"]
[White "Babula, Milan"]
[Black "Gedgafov, Chamal"]
[Result "1-0"]
[ECO "B06"]
[WhiteElo "2220"]
[BlackElo "2163"]
[Annotator "NA"]
[PlyCount "95"]
[EventDate "2019.06.28"]
[EventType "swiss"]
[EventCountry "SVK"]
[SourceTitle "playchess.com"]
[Source "ChessBase"]
[SourceQuality "1"]
[TimeControl "5400+30"]

1. e4 g6 2. d4 Bg7 3. c3 d6 4. Bd3 Nd7 5. Nf3 b6 6. O-O Bb7 7. Re1 e6 8. a4 a6 9. Nbd2 Ne7 10. b4 O-O 11. Rb1 h6 12. Ba3 e5 13. Nc4 exd4 14. cxd4 d5 15. Ncd2 dxe4 16. Nxe4 Nd5 17. Qb3 N5f6 18. b5 Re8 19. Nxf6+ Qxf6 20. Rxe8+ Rxe8 21. bxa6 Bxf3 22. gxf3 Qf4 23. Qd5 Bxd4 24. Qxd7 Re5 25. Be7 Bxf2+ 26. Kg2 Bd4 27. Qd8+ Kh7 28. Rd1 Qe3 29. Qxd4 Qxd4 30. Bxg6+ Kxg6 31. Rxd4 Rxe7 32. a7 Re8 33. Rd7 Rc8 34. Rxc7 Ra8 35. Kg3 Kf6 36. Kf4 Ke6 37. Rb7 Kd5 38. Rxf7 Kc5 39. Rb7 Kc6 40. Rh7 Kc5 41. h4 Kb4 42. Rxh6 Ka5 43. Rh7 Kxa4 44. h5 Ka5 45. h6 Ka6 46. Rg7 Rf8+ 47. Kg5 b5 48. h7 1-0

[Event "19th IPCA WCC 2019"]
[Site "Ruzomberok"]
[Date "2019.07.02"]
[Round "5.4"]
[White "Sovetov, Oleksandr"]
[Black "Nowak, Lukasz"]
[Result "1/2-1/2"]
[ECO "E32"]
[WhiteElo "2009"]
[BlackElo "2267"]
[Annotator "NA"]
[PlyCount "73"]
[EventDate "2019.06.28"]
[EventType "swiss"]
[EventCountry "SVK"]
[SourceTitle "playchess.com"]
[Source "ChessBase"]
[SourceQuality "1"]
[TimeControl "5400+30"]

1. d4 Nf6 2. c4 e6 3. Nc3 Bb4 4. Qc2 b6 5. e4 c5 6. a3 Bxc3+ 7. bxc3 Bb7 8. Bd3 b5 9. f3 bxc4 10. Bxc4 O-O 11. Bd3 cxd4 12. cxd4 Ba6 13. Ne2 Nc6 14. Bd2 Bxd3 15. Qxd3 d5 16. O-O e5 17. dxe5 Nxe5 18. Qc3 dxe4 19. Bg5 Ned7 20. Rad1 Qb6+ 21. Kh1 Rac8 22. Qb4 exf3 23. Rxf3 Rfe8 24. Ng3 Qe6 25. h3 Ne5 26. Rff1 Nd5 27. Qd4 Nb6 28. Rde1 Qd5 29. Rd1 Qxd4 30. Rxd4 Rc3 31. Nf5 Rxa3 32. Re4 f6 33. Nxg7 Kxg7 34. Bxf6+ Kg8 35. Bxe5 Rg3 36. Bxg3 Rxe4 37. Ra1 1/2-1/2

[Event "19th IPCA WCC 2019"]
[Site "Ruzomberok"]
[Date "2019.07.02"]
[Round "5.5"]
[White "Mukha, Nikolay"]
[Black "Obodchuk, Andrei"]
[Result "1-0"]
[ECO "D85"]
[WhiteElo "2159"]
[BlackElo "2316"]
[Annotator "NA"]
[PlyCount "131"]
[EventDate "2019.06.28"]
[EventType "swiss"]
[EventCountry "SVK"]
[SourceTitle "playchess.com"]
[Source "ChessBase"]
[SourceQuality "1"]
[TimeControl "5400+30"]

1. d4 Nf6 2. c4 g6 3. Nc3 d5 4. cxd5 Nxd5 5. e4 Nxc3 6. bxc3 Bg7 7. Nf3 c5 8. Be3 Qa5 9. Qd2 O-O 10. Rc1 Rd8 11. d5 e6 12. c4 Qxd2+ 13. Kxd2 Na6 14. Bd3 f5 15. Bg5 Re8 16. exf5 gxf5 17. Rhe1 Bd7 18. Ne5 Ba4 19. f4 Nb4 20. d6 Red8 21. Bxd8 Rxd8 22. a3 Nxd3 23. Kxd3 Rxd6+ 24. Ke3 b6 25. g3 Kf8 26. Re2 Rd8 27. Rd2 Rc8 28. Rc3 Ke7 29. Rcd3 Bxe5 30. fxe5 Rg8 31. Rf2 h5 32. Rf4 Rc8 33. Rh4 Be8 34. Rd6 Rb8 35. Kd2 Rb7 36. Kc3 Rb8 37. Kb3 Rc8 38. a4 Rb8 39. Rf4 Rc8 40. Rf2 Rc7 41. Rfd2 Rc8 42. Ka3 Bc6 43. Kb3 Be8 44. Ra2 Bc6 45. Kc3 Bd7 46. a5 b5 47. cxb5 Bxb5 48. Rb2 Bc6 49. Rxc6 Rxc6 50. Rb7+ Ke8 51. Rxa7 c4 52. Rb7 Kd8 53. Rb6 Rc5 54. a6 Ra5 55. Rxe6 Kd7 56. Rd6+ Kc7 57. Kxc4 Rxe5 58. Rh6 f4 59. Kd4 Rf5 60. a7 Kb7 61. Ra6 Ka8 62. Ke4 Rb5 63. gxf4 Rb2 64. h3 Rb3 65. f5 h4 66. f6 1-0